 Dungeon Sprint DCSS version 0.26.1-11-gd32895ea62 (webtiles) character file.

Game seed: 6739981285826919094

2371 Zeld the Transmogrifier (level 9, -2/67 HPs)
             Began as an Octopode Transmuter on May 27, 2021.
             Was a Believer of Sif Muna.
             Killed from afar by a smoke demon (22 damage)
             ... with a ball of steam
             ... in the Dungeon (Sprint V: "Ziggurat Sprint").
             The game lasted 00:01:55 (372 turns).

Zeld the Transmogrifier (Octopode Transmuter)        Turns: 372, Time: 00:01:55

Health: -2/67      AC:  1    Str: 25    XL:     9   Next: 45%
Magic:  12/20      EV: 17    Int: 27    God:    Sif Muna [**....]
Gold:   0          SH:  0    Dex: 12    Spells: 8/23 levels left

rFire    . . .     SeeInvis .     - Unarmed
rCold    . . .     Faith    .   (shield currently unavailable)
rNeg     . . .     Spirit   .   (helmet restricted)
rPois    .         Reflect  .   j - amulet of regeneration
rElec    .         Harm     .   w - +6 ring of strength
rCorr    .         Rampage  .   x - +6 ring of strength
Will     .....     NoTele   +   v - +6 ring of intelligence
Stlth    +.........             u - +6 ring of intelligence
HPRegen  0.61/turn              (no ring)
MPRegen  0.17/turn              (no ring)
                                (no ring)
                                (no ring)

@: liquid flames, blade tentacles, glowing
A: almost no armour, stealthy swim, amphibious, 8 rings, constrict 8, camouflage
1, gelatinous body 1
a: End Transformation, Renounce Religion, Channel Magic


You were in the Dungeon.
You worshipped Sif Muna.
Sif Muna was pleased with you.
You had blades for tentacles.
You visited 1 branch

Inventory:

Jewellery
 j - an amulet of regeneration (around mantle)
 u - a +6 ring of intelligence (on tentacle)
 v - a +6 ring of intelligence (on tentacle)
 w - a +6 ring of strength (left scythe-like blade)
 x - a +6 ring of strength (right scythe-like blade)
Wands
 r - a wand of disintegration (7)
 t - a wand of acid (7)
Scrolls
 g - a scroll of blinking
 l - 4 scrolls of amnesia
 m - 7 scrolls of fog
 n - a scroll of holy word
 o - 5 scrolls of identify
 p - 5 scrolls of remove curse
 q - 2 scrolls of fear
Potions
 a - 2 potions of brilliance
 b - 10 potions of curing
 c - 8 potions of heal wounds
 d - 6 potions of haste
 e - 7 potions of magic
 f - 3 potions of berserk rage
 h - a potion of invisibility
 i - 4 potions of resistance
 k - 5 potions of might
Miscellaneous
 y - a lightning rod (4/4)


   Skills:
 + Level 8.5 Fighting
 + Level 8.6 Dodging
 - Level 3.0 Unarmed Combat
 + Level 7.8 Spellcasting
 * Level 11.7 Transmutations
 * Level 11.4 Invocations


You had 8 spell levels left.
You knew the following spells:

 Your Spells              Type           Power        Failure   Level
a - Beastly Appendage     Tmut           100%         5%          1
b - Wereblood             Tmut           65%          6%          2
c - Spider Form           Tmut/Pois      21%          19%         3
d - Ice Form              Ice/Tmut       42%          32%         4
e - Blade Hands           Tmut           32%          17%         5

Your spell library contained the following spells:

 Spells                   Type           Power        Failure   Level


Dungeon Overview and Level Annotations

Branches:
Dungeon (1/1)

Altars:
Ashenzari
Cheibriados
Dithmenos
Elyvilon
Fedhas
Gozag
Hepliaklqana
Kikubaaqudgha
Makhleb
Nemelex Xobeh
Okawaru
Qazlal
Ru
Sif Muna
Trog
Uskayaw
Vehumet
Wu Jian
Xom
Yredelemnul
Zin
The Shining One
Beogh
Jiyva
Lugonu

Annotations:
D 1 transporter


Innate Abilities, Weirdness & Mutations

You cannot wear most types of armour.
You are very stealthy in the water. (Stealth+)
You are amphibious.
You can wear up to eight rings at the same time.
You can use your tentacles to constrict eight enemies at once.
Your skin changes colour to match your surroundings (Stealth+).
Your rubbery body absorbs attacks. (AC +1, EV +1)


Message History

The floor, spattered with blood.
You feel much better. The white imp barely misses you.
The smoke demon gestures at you. The sticky flame hits you!
You are covered in liquid flames!
* * * LOW HITPOINT WARNING * * *
You feel much better.
You are covered in liquid flames!
The white imp closely misses you. The smoke demon misses you.
The smoke demon hits you. The smoke demon closely misses you.
Casting: Blade Hands (dangerous; 1% risk of failure)
Confirm with . or Enter, or press ? or * to list all spells.
Your tentacles turn into razor-sharp scythe blades.
You are covered in liquid flames!
The white imp gestures at you. The puff of frost hits you!
* * * LOW HITPOINT WARNING * * *
The smoke demon gestures at you. The ball of steam hits you!!
You die...

▓▓▓▓▓▓▓▓▓▓▓▓▓▓▓▓▓▓▓
▓.8©8.▓.8©8.▓.8©8.▓
▓.=:).▓..[).▓.....▓
▓..)..▓.....▓.))..▓
▓.....▓.....▓.....▓
▓.5.3.▓.....▓.....▓
▓..@..▓.)|..▓..©..▓
▓..©..▓..©..▓▓▓▓▓▓▓
▓▓▓▓▓▓▓▓▓▓▓▓▓


You could see a smoke demon and a white imp.

Vanquished Creatures
  A dancing weapon (D)
  A deep elf archer (D)
  A deep elf mage (D)
  2 draconians (D)
  A large abomination (D)
  An iron imp (D)
7 creatures vanquished.

Notes
Turn   | Place    | Note
-------+----------+-------------------------------------------
     0 | D        | Zeld the Octopode Transmuter began the quest for the Orb.
     0 | D        | Reached XP level 1. HP: 13/13 MP: 3/3
     0 | D        | Found a shimmering blue altar of Sif Muna.
     0 | D        | Found a bloodstained altar of Trog.
     0 | D        | Found a sacrificial altar of Ru.
     0 | D        | Found a stormy altar of Qazlal.
     0 | D        | Found an iron altar of Okawaru.
     1 | D        | Found a sparkling altar of Nemelex Xobeh.
     1 | D        | Found a blossoming altar of Fedhas.
     2 | D        | Found the +6 Majin-Bo {vamp, MP+6 Int+6}
     2 | D        | Found the +9 heavy crossbow "Sniper" {vorpal, Acc+∞ SInv}
     2 | D        | Found the +10 dark maul {vorpal}
     2 | D        | Found the +15 Maxwell's patent armour {-Cast -Tele rElec
                  | Will+ rCorr}
     2 | D        | Found the +18 shield of the Gong {rElec rN+ Will+ EV-5}
     2 | D        | Found the cursed +14 obsidian axe {vorpal, +Fly SInv
                  | *Curse}
     2 | D        | Found the +7 great mace "Firestarter" {inner flame, rF++}
     2 | D        | Found the +6 shillelagh "Devastator" {shatter}
     2 | D        | Found the +11 plutonium sword {*Contam Stlth-}
     2 | D        | Found the +8 lance "Wyrmbane" {slay drac, rPois rF+ rC+
                  | AC+3}
     2 | D        | Found the +9 sword of Zonguldrok {reap}
     2 | D        | Found the cursed +13 scythe of Curses {drain, *Curse}
     2 | D        | Found the +5 sword of Power {vorpal}
     2 | D        | Found the +7 mace of Variability {chain chaos}
     2 | D        | Found the +7 Singing Sword {vorpal, sonic wave}
     2 | D        | Found the +8 storm bow {elec, penet}
     3 | D        | Found a transporter.
     3 | D        | Found an ancient bone altar of Kikubaaqudgha.
     3 | D        | Found a viscous altar of Jiyva.
     3 | D        | Found a corrupted altar of Lugonu.
     3 | D        | Found a hazy altar of Hepliaklqana.
     3 | D        | Found a burning altar of Makhleb.
     3 | D        | Found an opulent altar of Gozag.
    26 | D        | Reached skill level 5 in Transmutations
    26 | D        | Reached XP level 2. HP: 21/21 MP: 3/6
    32 | D        | Became a worshipper of Sif Muna the Loreminder
    40 | D        | Learned a level 2 spell: Wereblood
    93 | D        | Entered arena 2.
    93 | D        | Noticed a draconian
    93 | D        | Noticed a draconian
    93 | D        | Found a transporter.
   106 | D        | Killed a draconian
   107 | D        | Reached skill level 5 in Fighting
   107 | D        | Reached skill level 5 in Spellcasting
   107 | D        | Reached XP level 3. HP: 29/29 MP: 6/9
   107 | D        | Reached XP level 4. HP: 35/35 MP: 7/11
   107 | D        | Reached XP level 5. HP: 40/40 MP: 7/12
   107 | D        | Reached XP level 6. HP: 45/45 MP: 8/14
   107 | D        | Killed a draconian
   108 | D        | Reached XP level 7. HP: 53/53 MP: 8/16
   112 | D        | Learned a level 3 spell: Spider Form
   117 | D        | Learned a level 4 spell: Ice Form
   123 | D        | Learned a level 5 spell: Blade Hands
   172 | D        | Entered arena 3.
   172 | D        | Noticed a +0 war axe of venom
   172 | D        | Noticed a deep elf archer
   172 | D        | Noticed a deep elf mage
   172 | D        | Found a transporter.
   176 | D        | Killed a +0 war axe of venom
   176 | D        | Reached * piety under Sif Muna
   177 | D        | Reached skill level 10 in Transmutations
   177 | D        | Reached skill level 10 in Invocations
   177 | D        | Reached XP level 8. HP: 60/60 MP: 6/18
   178 | D        | Killed a deep elf archer
   179 | D        | Reached XP level 9. HP: 61/66 MP: 6/20
   182 | D        | Killed a deep elf mage
   358 | D        | Entered arena 4.
   358 | D        | Noticed a smoke demon
   358 | D        | Found a transporter.
   361 | D        | Reached ** piety under Sif Muna
   369 | D        | HP: 1/67 [smoke demon/divine providence (15)]
   372 | D        | Killed from afar by a smoke demon

Illustrated notes

Levels and vault maps discovered:
D:        sprint_v [room_start, room_1, room_2, room_3, room_4, room_5, room_6,
          room_7, room_8, room_9, room_10, room_11, room_12, room_13, room_14,
          room_15, room_16, room_17, room_18, room_19, room_20, room_21,
          room_22, room_23, room_24, room_25, room_26, room_27]

Skill      XL: |  1  2  3  4  5  6  7  8  9 |
---------------+----------------------------+-----
Fighting       | 3 5 6 7 8 |  8.5
Dodging        | 3 6 7 8 |  8.6
Spellcasting   | 3 5 6 7 |  7.8
Transmutations | 5 8 9 10 11 | 11.7
Invocations    | 6 8 10 11 | 11.4
Unarmed Combat | |  3.0

Action                   |  1- 3 |  4- 6 |  7- 9 || total
-------------------------+-------+-------+-------++-------
Melee: Unarmed           |       |       |    11 ||    11
       Tentacles         |       |       |     7 ||     7
       Constrict         |       |       |     3 ||     3
 Cast: Blade Hands       |       |       |     3 ||     3
Evoke: Wand              |     7 |       |       ||     7
       Lightning rod     |     2 |     1 |       ||     3
  Use: Potion            |     2 |       |     6 ||     8
       Scroll            |     3 |       |       ||     3
Dodge: Dodged            |       |       |    19 ||    19
